Map: [ESL] Inside and Out

Players

Rattata

  • Race: Zerg Zerg
  • Spawn Location: 7:00

HateMe - Winner!

  • Race: Zerg Zerg
  • Spawn Location: 1:00

Event: DreamHack SC2 Masters 2022 Atlanta (Online)

VOD

Have the link to the VOD?

Description

Time

  • Played on: Oct. 8, 2022, 12:37 p.m.
  • Length: 10:42

All games in this series

Show
View Real Time Build Order
Export as new Build Order

Rattata Zerg 

Build Orders: Hatch First 

Get SALT Encoding   

  12  0:00  Drone  
  13  0:12  Overlord  
  13  0:16  Drone  
  14  0:30  Drone x2  
  16  0:47  Hatchery  
  15  0:50  Drone  
  15  0:54  Drone  
  17  1:08  Spawning Pool  
  17  1:09  Extractor  
  15  1:13  Drone  
  15  1:15  Drone  
  17  1:21  Drone  
  18  1:29  Drone  
  19  1:55  Zergling x4  
  19  1:58  Queen  
  19  1:59  Zergling x2  
  24  2:02  Queen  
  25  2:12  Zergling x4  
  27  2:19  Drone  
  28  2:29  Overlord  
  28  2:35  Overlord  
  28  2:54  Drone x5  
  28  2:55  Metabolic Boost  
  33  3:04  Overlord  
  32  3:08  Drone  
  32  3:11  Drone x2  
  35  3:25  Drone x2  
  35  3:27  Drone x2  
  39  3:29  Drone  
  40  3:38  Hatchery  
  39  3:42  Queen  
  39  3:45  Overlord  
  41  3:49  Overlord  
  41  3:58  Evolution Chamber  
  40  4:03  Drone x3  
  40  4:05  Drone  
  40  4:08  Zergling x6  
  47  4:13  Zergling x8  
  47  4:16  Zergling x2  
  52  4:25  Zerg Ground Armor Level 1  
  52  4:29  Drone, Roach Warren  
  52  4:34  Overlord  
  51  4:41  Drone  
  51  4:51  Drone x7  
  57  4:54  Drone x4, Extractor  
  57  4:56  Drone, Extractor  
  60  5:01  Lair  
  60  5:05  Overlord  
  60  5:07  Drone  
  60  5:08  Drone  
  60  5:13  Drone  
  63  5:17  Drone x2  
  63  5:20  Overlord  
  65  5:28  Roach x4  
  73  5:30  Overlord  
  73  5:33  Overlord  
  73  5:37  Overlord  
  73  5:39  Roach x2  
  77  5:44  Overlord  
  77  5:47  Roach x2  
  77  5:49  Overlord  
  80  5:53  Drone x3, Extractor  
  82  5:57  Roach  
  82  5:58  Roach  
  82  6:00  Glial Reconstitution  
  82  6:02  Overseer  
  86  6:05  Drone x3  
  86  6:08  Roach x2  
  93  6:13  Roach x2  
  93  6:15  Roach  
  98  6:19  Overlord  
  98  6:22  Roach  
  98  6:23  Roach x2  
  104  6:27  Roach x2  
  107  6:33  Roach x3  
  107  6:38  Roach x2  
  115  6:42  Zergling x10  
  115  6:46  Roach x2  
  116  6:51  Roach x3  
  106  7:00  Roach x4  
  103  7:05  Zergling x6  
  95  7:09  Zergling x4  
  95  7:14  Zerg Missile Weapons Level 1  
  96  7:21  Zergling x4, Roach x2  
  96  7:22  Zergling x2  
  103  7:31  Roach x3  
  102  7:37  Roach  
  102  7:38  Roach  
  102  7:41  Roach  
  95  7:46  Queen  
  95  7:48  Roach x2  
  95  7:53  Roach  
  95  7:56  Overseer  
  99  7:58  Roach  
  99  7:59  Roach  
  99  8:00  Drone x2  
  99  8:04  Overlord  
  105  8:05  Roach  
  105  8:06  Roach  
  105  8:11  Roach x2  
  111  8:16  Roach x2  
  115  8:21  Roach  
  115  8:26  Roach x3  
  123  8:27  Overlord x2  
  123  8:30  Overlord  
  123  8:31  Roach x2  
  127  8:34  Roach  
  127  8:38  Overlord  
  129  8:46  Roach x4  
  137  8:55  Roach x5  
  146  8:58  Roach  
  146  9:02  Roach x2  
  152  9:05  Overlord  
  152  9:07  Roach  
  152  9:09  Roach  
  156  9:10  Roach  
  156  9:12  Roach  
  154  9:17  Roach  
  154  9:20  Roach x3  
  132  9:24  Roach x2  
  132  9:28  Roach  
  118  9:31  Roach  
  118  9:32  Roach  
  118  9:35  Roach x2  
  114  9:42  Roach x3  
  120  9:46  Drone x3  
  120  9:47  Drone, Extractor  
  120  9:52  Drone x2  
  125  9:53  Drone x2  
  127  10:01  Roach  
  127  10:03  Roach  
  127  10:07  Roach  
  133  10:13  Roach x3  
  139  10:19  Roach x3  
  145  10:23  Roach x2  
Show
View Real Time Build Order
Export as new Build Order

HateMe Zerg - Winner!

Build Orders: Pool First 

Get SALT Encoding   

  12  0:17  Spawning Pool  
  11  0:22  Drone  
  11  0:27  Drone  
  13  0:31  Drone  
  14  0:42  Overlord  
  14  1:04  Zergling x4, Queen  
  14  1:05  Zergling x2  
  19  1:16  Zergling x2  
  20  1:27  Zergling x2  
  21  1:33  Hatchery  
  21  1:37  Drone  
  21  1:49  Overlord  
  21  1:59  Drone  
  22  2:08  Queen  
  22  2:09  Drone  
  22  2:12  Drone x2  
  22  2:14  Drone  
  27  2:26  Drone  
  27  2:27  Extractor  
  27  2:33  Drone  
  28  2:43  Drone  
  29  2:44  Queen  
  29  2:46  Queen  
  29  2:50  Drone  
  34  2:55  Overlord  
  34  2:59  Drone  
  35  3:05  Drone  
  35  3:12  Overlord  
  36  3:16  Drone x3  
  36  3:17  Drone  
  40  3:23  Evolution Chamber  
  40  3:25  Drone x2  
  41  3:30  Drone  
  41  3:32  Drone  
  43  3:38  Drone x3  
  44  3:49  Zerg Missile Weapons Level 1  
  44  3:50  Roach Warren  
  44  3:52  Drone x2  
  45  3:57  Drone x2  
  47  4:04  Lair  
  47  4:06  Overlord  
  47  4:08  Drone  
  48  4:12  Drone x3  
  51  4:20  Extractor  
  51  4:21  Extractor  
  48  4:26  Evolution Chamber  
  48  4:27  Overlord  
  48  4:30  Drone x3  
  49  4:32  Overlord  
  49  4:33  Roach x2  
  55  4:38  Roach  
  55  4:42  Roach  
  55  4:44  Overlord x2  
  57  4:48  Roach  
  59  4:54  Roach  
  61  5:02  Glial Reconstitution  
  61  5:04  Drone, Extractor  
  61  5:05  Drone x3  
  64  5:08  Roach x2  
  64  5:13  Overlord  
  68  5:15  Roach x2  
  72  5:24  Drone  
  73  5:30  Roach  
  73  5:32  Hatchery  
  74  5:36  Roach x3  
  74  5:38  Roach  
  82  5:43  Overlord  
  82  5:45  Roach  
  82  5:49  Roach x2  
  88  5:54  Roach  
  88  5:56  Roach  
  92  5:58  Zerg Missile Weapons Level 2  
  92  6:09  Roach x4  
  100  6:15  Roach  
  100  6:16  Roach  
  104  6:23  Roach  
  106  6:26  Roach  
  106  6:29  Overlord x2  
  108  6:43  Roach  
  108  6:44  Roach  
  108  6:45  Roach x3  
  110  6:50  Roach x3  
  107  6:56  Roach x2  
  107  6:57  Roach  
  107  7:00  Roach  
  109  7:04  Roach  
  109  7:07  Roach  
  93  7:09  Roach  
  93  7:13  Roach x2  
  98  7:15  Ravager x2  
  98  7:18  Roach  
  101  7:24  Roach x2  
  101  7:29  Drone x2  
  107  7:30  Drone  
  102  7:40  Roach  
  102  7:41  Roach x3  
  102  7:43  Roach  
  95  7:46  Roach  
  95  7:49  Roach  
  92  7:52  Drone x2  
  92  7:53  Drone  
  92  7:58  Zerg Ground Armor Level 1  
  95  8:01  Drone  
  95  8:04  Overseer  
  96  8:06  Drone x3  
  96  8:10  Drone x2  
  101  8:14  Drone x3  
  104  8:20  Roach x2  
  104  8:24  Roach x2  
  112  8:29  Roach  
  112  8:30  Roach, Extractor  
  115  8:35  Overlord x2  
  115  8:37  Roach  
  115  8:39  Ravager  
  115  8:40  Ravager x3  
  121  8:42  Roach  
  121  8:46  Roach x3  
  129  8:50  Overlord  
  129  8:54  Roach x2  
  133  8:59  Overseer  
  133  9:02  Roach x4  
  141  9:06  Roach x2  
  141  9:09  Roach  
  147  9:11  Roach  
  147  9:14  Roach x2  
  147  9:19  Roach x2  
  147  9:23  Roach x2  
  137  9:27  Roach x2  
  137  9:30  Roach x2  
  123  9:33  Roach x2  
  123  9:39  Roach  
  123  9:40  Roach  
  123  9:41  Roach  
  133  9:45  Roach x2  
  133  9:50  Roach x2  
  137  9:54  Roach x2, Ravager  
  137  9:57  Roach  
  146  10:00  Roach  
  146  10:02  Roach  
  146  10:03  Roach  
  150  10:08  Overlord x2  
  150  10:10  Roach  
  150  10:13  Roach  
Tags
 
Add a new tag
Caveats
  • Supply blocks, unpowered buildings, or Contaminate may cause inaccurate times.
  • Supply counts are checked every 10 seconds.